 Dungeon Crawl Stone Soup version 0.31.0-11-ge490571c62 (webtiles) character file.

Game seed: 3901079167738880317

59634 Goblin1989 the Slicer (level 14, -3/113 HPs)
             Began as a Demonspawn Delver on Feb 10, 2024.
             Was a Follower of Uskayaw.
             Slain by an ettin
             ... wielding a +0 dire flail
              (15 damage)
             ... on level 1 of the Orcish Mines.
             The game lasted 01:29:42 (22316 turns).

Goblin1989 the Slicer (Demonspawn Delver)          Turns: 22316, Time: 01:29:43

Health: -3/113     AC: 16    Str: 14    XL:     14   Next: 53%
Magic:  23/23      EV: 23    Int: 17    God:    Uskayaw [*.....]
Gold:   1474       SH: 11    Dex: 25    Spells: 13/13 levels left

rFire   . . .        I - +2 rapier (venom)
rCold   . . .        j - orb {light}
rNeg    . . .        Y - +0 ring mail "Moimer" {Regen+ Int+2}
rPois   .            C - +2 helmet
rElec   .            (no cloak)
rCorr   .            (no gloves)
SInv    .            J - +2 pair of boots "Miyxuduy" {+Inv Int+5}
Will    +....        H - amulet of reflection
Stlth   +            D - +4 ring of protection
HPRegen 1.18/turn    Z - +6 ring of dexterity
MPRegen 0.18/turn

%: reflection
@: agile, glowing
A: hooves 2, large bone plates 2, demonic guardian 2, powered by pain 2,
corrupting presence 1
a: Renounce Religion, Evoke Invisibility, Stomp


You were on level 1 of the Orcish Mines.
You worshipped Uskayaw.
Uskayaw was pleased with you.
You visited 3 branches of the dungeon, and saw 18 of its levels.

You collected 1474 gold pieces.

Inventory:

Hand Weapons
 I - a +2 rapier of venom (weapon)
 N - a +0 rapier of freezing
 Q - a +3 dagger of distortion {!w}
 W - the +2 short sword "Sowkir" {freeze, Dex+2}
   (You took it off an orc wizard on level 10 of the Dungeon)

   Dex+2:     It affects your dexterity (+2).
Missiles
 b - 4 throwing nets {!d , @Q1}
 i - 17 poisoned darts
 n - 175 stones
 t - 25 boomerangs (quivered) {@Q3}
Armour
 j - an orb of light (worn)
 C - a +2 helmet (worn)
 J - the +2 pair of boots "Miyxuduy" (worn) {+Inv Int+5}
   (You found it on level 6 of the Dungeon)

   Int+5:     It affects your intelligence (+5).
   +Inv:      It lets you turn invisible.
 S - +0 acid dragon scales
 Y - the +0 ring mail "Moimer" (worn) {Regen+ Int+2}
   (You found it on level 10 of the Dungeon)

   Int+2:     It affects your intelligence (+2).
   Regen+:    It increases your rate of health regeneration.
Magical Staves
 U - a staff of cold
Jewellery
 a - a ring of wizardry
 B - a ring of willpower
 D - a +4 ring of protection (left hand)
 G - a +6 ring of strength
 H - an amulet of reflection (around neck)
 Z - a +6 ring of dexterity (right hand)
Wands
 g - a wand of digging (1) {@v3}
 y - a wand of charming (3)
 F - a wand of flame (11) {@v1}
 R - a wand of mindburst (7)
 V - a wand of roots (9)
Scrolls
 c - a scroll of fog
 d - 2 scrolls of revelation
 e - 3 scrolls of fear
 h - a scroll of noise
 l - 4 scrolls of immolation
 m - 10 scrolls of teleportation {Tele???, unknown}
 s - 2 scrolls of vulnerability
 v - 3 scrolls of butterflies
 w - a scroll of silence
 x - a scroll of brand weapon
 z - a scroll of enchant weapon
 E - 3 scrolls of blinking {!r, @r3}
 M - 2 scrolls of amnesia
 O - 2 scrolls of identify {@r1}
 P - a scroll of enchant armour
Potions
 f - 3 potions of haste {@q3,}
 k - 7 potions of heal wounds {@q2}
 o - 3 potions of brilliance
 p - 3 potions of resistance
 q - 4 potions of magic
 r - 7 potions of curing {@q1}
 u - a potion of invisibility
 A - 2 potions of ambrosia
 K - 2 potions of enlightenment
 L - 4 potions of attraction
 T - 4 potions of berserk rage
 X - 2 potions of cancellation


   Skills:
 + Level 11.2 Fighting
 - Level 14.0 Short Blades
 - Level 2.0 Throwing
 - Level 5.0 Armour
 + Level 9.6 Dodging
 - Level 4.5 Stealth
 + Level 12.5 Invocations
 + Level 10.6 Evocations


You had 13 spell levels left.
You didn't know any spells.
Your spell library contained the following spells:

 Spells                   Type           Power      Damage    Failure   Level
 Apportation              Tloc           0%         N/A       41%         1
 Magic Dart               Conj           0%         1d3       41%         1
 Necrotise                Necr           0%         1d4       41%         1
 Sting                    Conj/Alch      0%         1d3       41%         1
 Summon Small Mammal      Summ           0%         N/A       41%         1
 Ensorcelled Hibernation  Hex/Ice        0%         N/A       56%         2
 Lesser Beckoning         Tloc           0%         N/A       56%         2
 Fugue of the Fallen      Necr           0%         N/A       80%         3
 Gell's Gravitas          Tloc           0%         N/A       80%         3
 Summon Ice Beast         Ice/Summ       0%         N/A       80%         3
 Teleport Other           Tloc           0%         N/A       80%         3
 Anguish                  Hex/Necr       0%         N/A       99%         4
 Animate Dead             Necr           0%         N/A       99%         4
 Cause Fear               Hex            0%         N/A       99%         4
 Summon Blazeheart Golem  Fire/Summ      0%         N/A       99%         4
 Borgnjor's Vile Clutch   Necr/Erth      0%         N/A       100%        5
 Summon Mana Viper        Hex/Summ       0%         N/A       100%        5
 Death Channel            Necr           0%         N/A       100%        6
 Enfeeble                 Hex            0%         N/A       100%        7
 Monstrous Menagerie      Summ           0%         N/A       100%        7
 Orb of Destruction       Conj           0%         9d5       100%        7
 Spellforged Servitor     Conj/Summ      0%         N/A       100%        7


Dungeon Overview and Level Annotations

Branches:
Dungeon (11/15) Zot: 25708  Temple (0/1) D:6            Lair (5/5) D:9 Zot: 23437
 Shoals (0/4) Lair:3        Snake (0/4) Lair:3        Slime (0/5) Lair:4
    Orc (2/2) D:11 Zot: 10791     Elf (0/3) Orc:2

Altars:
Ashenzari
Dithmenos
Kikubaaqudgha
Nemelex Xobeh
Qazlal
Ru
Sif Muna
Trog
Uskayaw
Vehumet
Xom
Yredelemnul
Jiyva

Shops:
D:1 [

Annotations:
D:3 4 runed translucent doors, exclusion: 2 gnolls, Crazy Yiuf; diceflayer's ghost, amateur DsFi
Lair:3 3 runed translucent doors, mopl's ghost, journeyman MfFi
Lair:5 exclusion: 2 doors


Innate Abilities, Weirdness & Mutations

You have hoof-like feet.
You are mostly covered in large bone plates. (SH +6)
A demonic guardian rushes to your aid.
You sometimes gain power by taking damage.
Your presence sometimes corrodes those you injure.


Message History

The troll claws you but does no damage.
You regained 2 hp, and now have 61/113 hp.
You hit the troll.
The troll is poisoned.
The troll is lightly wounded.
Your sun demon hits the troll!!
The troll is engulfed in flames!
The troll bites your sun demon!
The troll closely misses your sun demon.
The troll claws your sun demon.
You hit the troll.
The troll looks as sick as possible!
The troll is almost dead.
Your sun demon hits the troll!
The troll dies!
Things that are here:
a +0 troll leather armour; a troll corpse You start resting.
Your sun demon disappears in a puff of smoke!
HP restored.
Health restored: 113
There is a stone staircase leading down here.
You climb downwards.
The deep troll bites you but does no damage.
The deep troll misses you. The deep troll completely misses you.
The deep troll closely misses you. The deep troll completely misses you.
The deep troll claws you but does no damage.
There is a stone staircase leading up here.
You barely miss the deep troll. You puncture the deep troll!
The deep troll is poisoned.
The deep troll is lightly wounded.
The deep troll completely misses you. The deep troll misses you.
The deep troll claws you.
You take 3 damage, and have 110/113 hp.
You hit the deep troll.
The deep troll looks as sick as possible!
The deep troll is lightly wounded.
You completely miss the deep troll.
The deep troll is moderately wounded.
The deep troll bites you. The deep troll claws you!
The deep troll closely misses you.
You take 13 damage, and have 98/113 hp.
You barely miss the deep troll.
The deep troll is moderately wounded.
You puncture the deep troll!
The deep troll looks as sick as possible!
The deep troll is heavily wounded.
The deep troll bites you. The deep troll claws you. The deep troll misses you.
You take 3 damage, and have 96/113 hp.
The ettin hits you but does no damage.
The ettin hits you with a +0 dire flail!!
The deep troll bites you! The deep troll barely misses you. x2
You climb upwards.
There is a stone staircase leading down here.
You take 33 damage, and have 63/113 hp.
MASSIVE DAMAGE!!
Things that are here:
a +0 giant club; a +0 giant club; a two-headed ogre corpse You regained 2 hp, and now have 65/113 hp.
The ettin attacks as it pursues you! The ettin completely misses you.
The ettin hits you with a +0 dire flail.
The deep troll misses you. The deep troll closely misses you.
The deep troll misses you.
You take 5 damage, and have 60/113 hp.
You puncture the ettin!
The ettin is poisoned.
The ettin is lightly wounded.
Your corrupting presence corrodes the deep troll!
The ettin closely misses you. The ettin completely misses you.
You hit the ettin but do no damage.
The ettin looks as sick as possible!
The ettin is moderately wounded.
You hit the ettin.
The ettin looks as sick as possible!
The ettin is moderately wounded.
The ettin closely misses you. The ettin barely misses you.
You hit the ettin.
The ettin looks as sick as possible!
The ettin is heavily wounded.
You puncture the ettin!
The ettin looks as sick as possible!
The ettin is heavily wounded.
The ettin closely misses you.
The ettin hits you with a +0 dire flail!
You can now pass through a line of other dancers.
You take 9 damage, and have 56/113 hp.
You hit the ettin.
The ettin is severely wounded.
You hit the ettin.
The ettin is severely wounded.
The ettin hits you with a +0 dire flail!
* * * LOW HITPOINT WARNING * * *
The ettin closely misses you.
You take 17 damage, and have 40/113 hp.
You hit the ettin but do no damage.
The ettin looks as sick as possible!
The ettin is severely wounded.
The ettin completely misses you. The ettin misses you.
Your corrupting presence corrodes the ettin!
You regained 2 hp, and now have 46/113 hp.
The deep troll is no longer covered in acid.
The ettin attacks as it pursues you! The ettin barely misses you.
The ettin hits you with a +0 dire flail!!!
* * * LOW HITPOINT WARNING * * *
A demonic guardian appears!
You can no longer pass through a line of other dancers.
You take 35 damage, and have 11/113 hp.
MASSIVE DAMAGE!!
The ettin attacks as it pursues you! The ettin barely misses you.
The ettin hits you with a +0 dire flail!
You die...

███.███........█[[....
██....███.██...........
█....██ ███......[...█.
██..█████ █.........███
██....█..█ █████....██
█ ██........██ ██...██
█ ██..........███
█.████ ██
█.............██ ██.█
██. ██.....T.C@....██
███ ███..
██.....████.3....█
█.... █....███ ██.....█
█....
█.█...█████...█..█
███..
███..)..██....████ █..
█.█.>.█......█ █..
███.......█.██ ███
███.[...███ █


██)████ █ You could see an ettin (extremely poisoned, corroded, ally target), a
deep troll (very poisoned) and a friendly sixfirhy (summoned).

Vanquished Creatures
  A dire elephant (Lair:5)
  3 hydras
  A merfolk avatar (Lair:5)
  5 two-headed ogres
  12 death yaks
  An orc high priest (Orc:1)
  A lindwurm (Lair:5)
  An orc knight (Orc:1)
  3 harpies
  An orc sorcerer (Orc:1)
  A cyclops (D:11)
  2 manticores
  2 merfolk sirens (Lair:3)
  2 elephants (Lair:5)
  A torpor snail (Lair:3)
  4 black mambas
  A gargoyle (D:10)
  2 kobold blastminers (Orc:1)
  9 cane toads
  2 kobold demonologists (D:11)
  3 unseen horrors
  Psyche (D:9)
  4 rime drakes
  11 komodo dragons
  4 trolls
  2 merfolk (Lair:3)
  7 polar bears
  5 blink frogs (Lair:5)
  Prince Ribbit (D:8)
  10 dream sheep (Lair:5)
  4 hornets
  A snapping turtle (Lair:5)
  A shadow (D:11)
  5 wyverns
  49 yaks
  2 wraiths (D:11)
  4 wargs
  A vampire mosquito (D:10)
  4 basilisks
  3 steam dragons
  2 acid dragons
  13 water moccasins
  13 orc warriors
  2 ice beasts (D:7)
  4 ogres (Orc:2)
  23 wolves
  7 centaurs
  3 kobold brigands
  13 bullfrogs
  3 scorpions
  A gnoll sergeant (D:10)
  3 wights
  2 troll zombies (D:11)
  17 killer bees
  A bombardier beetle (D:4)
  A howler monkey (D:10)
  A gnoll bouda (D:6)
  16 orc priests
  3 hounds
  6 jellies
  2 iguanas
  21 orc wizards
  5 ogre zombies (D:11)
  Robin (D:3)
  17 gnolls
  3 adders (D:2)
  A shadow imp (D:7)
  2 white imps
  4 ufetubi
  2 adder zombies (D:3)
  9 dart slugs
  A ribbon worm (D:2)
  60 orcs
  3 ball pythons
  4 bats (D:1)
  8 endoplasms
  8 giant cockroaches
  20 goblins
  10 hobgoblins
  7 jackals (D:1)
  5 quokkas
  4 frilled lizards
  2 gnoll skeletons (D:11)
  2 gnoll zombies (D:11)
  19 kobolds
  5 orc skeletons (D:11)
  12 orc zombies (D:11)
  7 rats
  A butterfly (Lair:4)
556 creatures vanquished.

Vanquished Creatures (collateral kills)
  2 two-headed ogres
  A skyshark (Lair:5)
  A manticore (Lair:5)
  A rime drake (Lair:2)
  3 trolls
  2 dream sheep (Lair:5)
  2 wyverns
  5 yaks
  A centaur (D:9)
  A kobold brigand (D:8)
  A gnoll sergeant (D:9)
  A scorpion (D:4)
  2 wights (D:8)
  An orc priest (D:8)
  2 gnoll boudas
  Ijyb (D:3)
  A gnoll (D:8)
  An adder (D:2)
  A dart slug (D:4)
  3 orcs
  A hobgoblin (D:2)
  A bat (D:2)
  4 kobolds
  A rat (D:3)
40 creatures vanquished.

Vanquished Creatures (others)
  A bullfrog (D:9)
  An orc wizard (D:9)
2 creatures vanquished.

Grand Total: 598 creatures vanquished

Notes
Turn   | Place    | Note
-------+----------+-------------------------------------------
     0 | D:5      | Goblin1989 the Demonspawn Delver began the quest for the
                  | Orb.
     0 | D:5      | Reached XP level 1. HP: 18/18 MP: 1/1
    25 | D:5      | Noticed a scorpion
   357 | D:3      | Noticed Ijyb
   383 | D:3      | Gained mutation: You have large cloven feet. [demonic
                  | ancestry]
   383 | D:3      | Reached XP level 2. HP: 24/24 MP: 2/2
   834 | D:2      | Gained mutation: A weak demonic guardian rushes to your
                  | aid. [demonic ancestry]
   834 | D:2      | Reached XP level 3. HP: 11/31 MP: 3/3
  1519 | D:1      | Gained mutation: You are partially covered in large bone
                  | plates. (SH +4) [demonic ancestry]
  1519 | D:1      | Reached XP level 4. HP: 34/38 MP: 4/4
  1527 | D:1      | Reached skill level 5 in Fighting
  1655 | D:1      | Found Vueggis's Antique Armour Shop.
  2421 | D:3      | Noticed Robin
  2554 | D:3      | Found a runed translucent door.
  2555 | D:3      | Noticed Crazy Yiuf
  2725 | D:3      | Found a runed translucent gate.
  2725 | D:3      | Found a runed translucent gate.
  2725 | D:3      | Found a runed translucent gate.
  2725 | D:3      | Noticed diceflayer's ghost (amateur DsFi)
  2726 | D:3      | Found a basalt altar of Yredelemnul.
  2796 | D:3      | Found a stormy altar of Qazlal.
  2939 | D:3      | Found an ancient bone altar of Kikubaaqudgha.
  2947 | D:3      | Found a shimmering blue altar of Sif Muna.
  2949 | D:3      | Found a radiant altar of Vehumet.
  2963 | D:3      | Got Vehumet's Almanac of Blasting
  3042 | D:3      | Killed Ijyb
  3043 | D:3      | Gained mutation: You are mostly covered in large bone
                  | plates. (SH +6) [demonic ancestry]
  3043 | D:3      | Reached XP level 5. HP: 15/46 MP: 5/5
  3332 | D:3      | Killed Robin
  3845 | D:4      | Found a sparkling altar of Nemelex Xobeh.
  3901 | D:4      | Found a shimmering altar of Xom.
  3957 | D:4      | Reached XP level 6. HP: 40/52 MP: 6/6
  4331 | D:5      | Found a shadowy altar of Dithmenos.
  4335 | D:5      | Reached skill level 1 in Armour
  4679 | D:5      | Reached skill level 2 in Short Blades
  4785 | D:5      | Reached skill level 3 in Short Blades
  4785 | D:5      | Reached XP level 7. HP: 35/58 MP: 7/7
  5242 | D:5      | Found a hide-covered altar of Uskayaw.
  5250 | D:5      | Became a worshipper of Uskayaw the Reveller
  5299 | D:6      | Reached * piety under Uskayaw
  5386 | D:6      | Reached ** piety under Uskayaw
  5419 | D:6      | Reached skill level 1 in Invocations
  5599 | D:6      | Reached skill level 1 in Throwing
  5608 | D:6      | Reached *** piety under Uskayaw
  5610 | D:6      | Reached **** piety under Uskayaw
  5611 | D:6      | Reached skill level 4 in Short Blades
  5751 | D:6      | Found a staircase to the Ecumenical Temple.
  5780 | D:6      | Identified the +2 pair of boots "Miyxuduy" {+Inv Int+5}
  5903 | D:6      | Reached XP level 8. HP: 54/64 MP: 10/10
  6044 | D:6      | Found a bloodstained altar of Trog.
  6121 | D:7      | Reached skill level 5 in Short Blades
  6760 | D:7      | Reached skill level 6 in Short Blades
  6826 | D:7      | Reached skill level 5 in Invocations
  7563 | D:7      | Found a sacrificial altar of Ru.
  7727 | D:8      | Reached skill level 1 in Evocations
  7743 | D:8      | Gained mutation: A demonic guardian rushes to your aid.
                  | [demonic ancestry]
  7743 | D:8      | Reached XP level 9. HP: 47/69 MP: 13/13
  7874 | D:8      | Noticed a two-headed ogre
  8044 | D:8      | Killed a two-headed ogre
  8045 | D:8      | Reached skill level 5 in Evocations
  8293 | D:8      | Reached skill level 7 in Short Blades
  8594 | D:8      | Noticed Prince Ribbit
  8664 | D:8      | Killed Prince Ribbit
  8665 | D:8      | Reached skill level 8 in Short Blades
  9118 | D:9      | Found a broken altar of Ashenzari.
  9159 | D:9      | Reached ***** piety under Uskayaw
  9162 | D:9      | HP: 2/69 [gnoll sergeant/+2 heavy trident (15)]
  9531 | D:9      | Gained mutation: You have hoof-like feet. [demonic
                  | ancestry]
  9531 | D:9      | Reached XP level 10. HP: 76/76 MP: 14/14
  9603 | D:9      | Noticed Psyche
 10344 | D:9      | Reached skill level 9 in Short Blades
 10857 | D:9      | Killed Psyche
 10955 | D:9      | Reached skill level 10 in Short Blades
 11144 | D:9      | Found a staircase to the Lair.
 11199 | Lair:1   | Entered Level 1 of the Lair of Beasts
 11199 | Lair:1   | Noticed a black mamba
 11201 | Lair:1   | Killed a black mamba
 11261 | Lair:1   | Noticed a cane toad
 11365 | D:10     | Entered Level 10 of the Dungeon
 11630 | D:10     | Noticed a two-headed ogre
 11633 | D:10     | Killed a two-headed ogre
 11634 | D:10     | Reached skill level 11 in Short Blades
 11673 | D:10     | Noticed a gargoyle
 11683 | D:10     | Gained mutation: You sometimes gain a little power by
                  | taking damage. [demonic ancestry]
 11683 | D:10     | Reached XP level 11. HP: 29/81 MP: 15/15
 11887 | D:10     | Identified the +2 short sword "Sowkir" {freeze, Dex+2}
 12136 | D:10     | Identified the +0 ring mail "Moimer" {Regen+ Int+2}
 13332 | Lair:1   | Reached skill level 12 in Short Blades
 13338 | Lair:1   | Reached skill level 5 in Dodging
 13949 | Lair:2   | Noticed a four-headed hydra
 13970 | Lair:2   | Killed a four-headed hydra
 13970 | Lair:2   | Reached ****** piety under Uskayaw
 14720 | Lair:3   | Found a staircase to the Snake Pit.
 14769 | Lair:3   | Noticed a four-headed hydra
 14807 | Lair:3   | Noticed a five-headed hydra
 14824 | Lair:2   | Killed a five-headed hydra
 14825 | Lair:2   | Gained mutation: You sometimes gain power by taking damage.
                  | [demonic ancestry]
 14825 | Lair:2   | Reached XP level 12. HP: 18/91 MP: 17/17
 15103 | Lair:3   | You fall into a shaft and drop 2 floors!
 15103 | Lair:5   | Entered Level 5 of the Lair of Beasts
 15362 | Lair:5   | Reached skill level 10 in Evocations
 15372 | Lair:5   | Reached skill level 13 in Short Blades
 16003 | Lair:4   | Noticed a death yak
 16380 | Lair:3   | Reached XP level 13. HP: 95/100 MP: 19/19
 16399 | Lair:3   | Found a runed translucent gate.
 16400 | Lair:3   | Found a runed translucent gate.
 16401 | Lair:3   | Found a runed translucent gate.
 16405 | Lair:3   | Noticed mopl's ghost (journeyman MfFi)
 16671 | Lair:3   | Reached skill level 14 in Short Blades
 16709 | Lair:3   | Found a staircase to the Shoals.
 17053 | Lair:4   | Found a staircase to the Slime Pits.
 17054 | Lair:4   | Found a viscous altar of Jiyva.
 17307 | Lair:4   | Reached skill level 10 in Invocations
 18178 | Lair:5   | Reached skill level 10 in Fighting
 19017 | Lair:5   | Noticed a dire elephant
 19045 | Lair:5   | Killed a dire elephant
 19046 | Lair:5   | Gained mutation: Your presence sometimes corrodes those you
                  | injure. [demonic ancestry]
 19046 | Lair:5   | Reached XP level 14. HP: 108/111 MP: 22/22
 19226 | Lair:5   | Found the +4 skin of Zhor {*Englaciate rC+++ SInv}
 19320 | Lair:5   | Paralysed by a hornet for 3 turns
 20318 | D:11     | Found a staircase to the Orcish Mines.
 20555 | D:11     | Noticed a fire giant
 20616 | Orc:1    | Entered Level 1 of the Orcish Mines
 21088 | Orc:2    | Entered Level 2 of the Orcish Mines
 21088 | Orc:2    | Found a staircase to the Elven Halls.
 21345 | Orc:1    | Reached skill level 5 in Armour
 22316 | Orc:1    | Slain by an ettin

Illustrated notes

Levels and vault maps discovered:
D:1:      evilmike_arrival_fibonacci_small, layout_basic, serial_shops,
          nicolae_shop_behind_doors, reono_crystal_passage, minmay_hexomino_u4
D:2:      layout_basic, st_stairs_1, minmay_distorted
D:3:      layout_basic, grunt_temple_overflow_magic_moments,
          overflow_temple_1_default, nicolae_yredelemnul_ghost_church,
          minmay_splitting_lines, uniq_crazy_yiuf_cottage, uniq_robin, uniq_ijyb
D:4:      kennysheep_slugbush, layout_cave_pools, brannock_xom_greatest_gift,
          nemelex_dance_club_becter, corexii_leaking_fountain
D:5:      layout_loops_ring, nicolae_dithmenos_through_a_glass_darkly,
          nicolae_uskayaw_suspiria, gup_sewer_entry_pipe
D:6:      layout_cave_pools, lemuel_doored_altar, minmay_temple_entry_fiery,
          hangedman_abyss_or_decor_jellyfish_corner
D:7:      layout_loops_ring, mainiacjoe_overflow_boulevard
D:8:      layout_loops_cross, uniq_prince_ribbit1
D:9:      layout_loops_ring, lemuel_crystal_altar, david_lair_shrubbed,
          nicolae_kite_square_tiling_tiny, amcnicky_mini_rare_corridor_liquid,
          uniq_psyche
D:10:     minmay_razor_zed, layout_irregular_city, zin_scriptorium,
          minmay_misc_feat_secret_circle
D:11:     nzn_winding_woodlands_cross [nzn_winding_woodlands_5x15_twine,
          nzn_winding_woodlands_5x15_garden, nzn_winding_woodlands_5x15_parted,
          nzn_winding_woodlands_5x15_pathside_ponds,
          nzn_winding_woodlands_15x15_eel_pit], layout_stronghold,
          zombieorc2_lemuel
Lair:1:   layout_regular_city
Lair:2:   layout_loops_ring, st_stairs_12
Lair:3:   layout_cave_shapes, elwin_shoals_entry_stream, dummy_snake_entry,
          ebering_ghost_rock_garden, grunt_megastairs_5
Lair:4:   layout_concentric_octagons, nicolae_slime_entry_slimehenge,
          beast_lair_carwin_1, serial_bayou_shore_b, lemuel_fruit_fields
Lair:5:   gammafunk_lair_ancient_temple, layout_misc_corridors, st_stairs_7,
          hellmonk_guarded_unrand_zhor
Orc:1:    layout_diamond_mine, mines1_david
Orc:2:    st_orc_open, layout_caves, nicolae_orc_pool_cavern

Skill      XL: |  1  2  3  4  5  6  7  8  9 10 11 12 13 14 |
---------------+-------------------------------------------+-----
Fighting       | 4 5 6 7 8 10 11 | 11.2
Dodging        | 3 4 5 7 8 9 |  9.6
Armour         | 1 4 5 |  5.0
Short Blades   | 3 4 6 8 11 12 13 14 | 14.0
Invocations    | 3 5 7 8 11 12 | 12.5
Throwing       | 2 |  2.0
Evocations     | 1 6 8 9 10 | 10.6
Stealth        | |  4.5

Action                     |  1- 3 |  4- 6 |  7- 9 | 10-12 | 13-15 || total
---------------------------+-------+-------+-------+-------+-------++-------
  Melee: Short sword       |   124 |   172 |       |       |       ||   296
         Punch             |     3 |     2 |     4 |    25 |    15 ||    49
         Kick              |    22 |    76 |       |       |       ||    98
         Dagger            |       |   109 |       |       |       ||   109
         Rapier            |       |    23 |   386 |   868 |  1032 ||  2309
  Throw: Boomerang         |       |       |       |    12 |    29 ||    41
Ability: Evoke Invisibilit |       |       |       |     1 |     2 ||     3
  Evoke: Wand              |       |       |     9 |    17 |       ||    26
    Use: Scroll            |       |     1 |       |     1 |    22 ||    24
         Potion            |       |       |     1 |       |       ||     1
   Stab: Sleeping          |     9 |     7 |     5 |     9 |     8 ||    38
         Paralysed         |       |       |     8 |    24 |    34 ||    66
         Distracted        |       |       |     2 |     1 |     3 ||     6
         Invisible         |       |       |       |       |     6 ||     6
 Armour: Leather armour    |    68 |    75 |       |       |       ||   143
         Animal skin       |       |    44 |   217 |   101 |       ||   362
         Skin              |       |       |       |    12 |       ||    12
         Ring mail         |       |       |       |   264 |   346 ||   610
  Dodge: Dodged            |    50 |   132 |   287 |   432 |   504 ||  1405
  Block: Other             |       |    49 |    99 |   249 |   261 ||   658
         Reflection        |       |       |       |       |     8 ||     8
